 Dungeon Crawl Stone Soup version 0.31-a0-95-g6fa058ef04 (webtiles) character file.

Game seed: 17956164572537150629

45 NateTC the Magician (level 3, -1/25 HPs)
             Began as a Djinni Fire Elementalist on May 26, 2023.
             Killed from afar by Sigmund (8 damage)
             ... with a magic dart
             ... on level 3 of the Dungeon.
             The game lasted 00:03:47 (1930 turns).

NateTC the Magician (Djinni Fire Elementalist)      Turns: 1930, Time: 00:03:48

Health: -1/25      AC:  2    Str:  7    XL:     3   Next: 90%
Gold:   120        EV: 12    Int: 18    God:
                   SH:  0    Dex: 13

rFire   + + .        (no weapon)
rCold   x . .        (no shield)
rNeg    + . .        a - +0 robe
rPois   ∞            (no helmet)
rElec   .            (no cloak)
rCorr   .            (no gloves)
SInv    .            (boots unavailable)
Will    .....        (no amulet)
Stlth   ++           e - ring of positive energy
HPRegen 0.24/turn    (no ring)
MPRegen 0.00/turn

%: infuse magic (-2 HP)
@: flying, very slightly contaminated
A: sickness immunity, fire resistance 2, cold vulnerability 1, float, innate
caster, HP casting, extra vitality 1
a: no special abilities


You were on level 3 of the Dungeon.
You visited 1 branch of the dungeon, and saw 3 of its levels.

You collected 120 gold pieces.

Inventory:

Armour
 a - a +0 robe (worn)
 f - a +0 buckler
Jewellery
 e - a ring of positive energy (left hand)
Scrolls
 c - 3 scrolls of enchant armour
 d - a scroll of teleportation
Potions
 b - 2 potions of mutation


   Skills:
 - Level 2.1 Dodging
 - Level 1.5 Stealth
 + Level 0.0 Shields
 + Level 3.9 Spellcasting
 + Level 3.9 Conjurations
 + Level 3.9 Hexes
 + Level 3.9 Summonings
 + Level 3.9 Necromancy
 + Level 3.9 Translocations
 + Level 3.9 Transmutations
 + Level 3.9 Fire Magic
 + Level 3.9 Ice Magic
 + Level 3.9 Air Magic
 + Level 3.9 Earth Magic
 + Level 3.9 Poison Magic


You knew the following spells:

 Your Spells              Type           Power      Damage    Failure   Level
a - Foxfire               Conj/Fire      60%        2x1d7     3%          1
b - Scorch                Fire           34%        2d6       4%          2
c - Volatile Blastmotes   Fire/Tloc      30%        2d12      11%         3
d - Inner Flame           Hex/Fire       15%        N/A       11%         3
e - Flame Wave            Conj/Fire      15%        2d7       34%         4
f - Magic Dart            Conj           68%        1d6       3%          1
Your spell library was empty.

Dungeon Overview and Level Annotations

Branches:
Dungeon (3/15) Zot: 16069

Altars:

Shops:
D:2 *

Annotations:
D:3 Sigmund


Innate Abilities, Weirdness & Mutations

You are immune to sickness and miasma.
You are immune to poison.
Your flesh is very heat resistant. (rF++)
You are vulnerable to cold. (rC-)
You float through the air rather than walking.
You learn spells naturally, not from books.
Your magical power is your life essence.
You have superior vitality. (+4 MHP)


Message History

Where to? (Enter - D:2, ? - help)
There is a stone staircase leading down here.
You fly downwards.
There is a stone staircase leading up here.
Okay, then.
Sigmund the Dreaded comes into view.
He is wielding a +4 scythe.
Sigmund shouts!
Sigmund is nearby!
Casting: Scorch (safe; 4% risk of failure)
Confirm with . or Enter, or press ? or * to list all spells.
You conjure some foxfire!
Casting: Foxfire (safe; 3% risk of failure)
Confirm with . or Enter, or press ? or * to list all spells.
There is not enough space to conjure foxfire!
The foxfire hits Sigmund.
Sigmund is lightly wounded.
Sigmund gestures at you while chanting.
You are confused.
You're too confused to cast spells.
Sorry, you're not good enough to have a special ability.
You hit your foxfire but do no damage.
You bump into the rock wall.
You're too confused to cast spells.
You bump into the rock wall.
Sigmund gestures at you while chanting. The puff of flame hits you. You resist.
You bump into the rock wall.
Sigmund hits you with a +4 scythe!
Ouch! That really hurt!
You bump into the rock wall.
You feel less confused.
Casting: Foxfire (safe; 3% risk of failure)
Confirm with . or Enter, or press ? or * to list all spells.
You miscast Scorch.
You are very lightly contaminated with residual magic.
Nothing appears to happen.
* * * LOW HITPOINT WARNING * * *
Sigmund is suddenly surrounded by pale red light.
Sigmund points at you and mumbles some strange words.
The magic dart hits you!
You die... ##.##################### ......@@................ ##.#####################

You could see Sigmund.

Vanquished Creatures
  2 worms (D:2)
  5 endoplasms
  2 giant cockroaches (D:2)
  2 goblins
  3 hobgoblins
  3 quokkas
  8 ball pythons
  2 bats
  3 frilled lizards (D:1)
  3 kobolds
  5 rats
38 creatures vanquished.

Vanquished Creatures (collateral kills)
  A foxfire (D:1)
1 creature vanquished.

Vanquished Creatures (others)
  262 foxfires
262 creatures vanquished.

Grand Total: 301 creatures vanquished

Notes
Turn   | Place    | Note
-------+----------+-------------------------------------------
     0 | D:1      | NateTC the Djinni Fire Elementalist began the quest for the
                  | Orb.
     0 | D:1      | NateTC set off with the following spells memorised:
                  | Foxfire, Scorch, Volatile Blastmotes, Inner Flame, Flame
                  | Wave.
     0 | D:1      | Reached XP level 1. HP: 15/15 MP: 0/0
   211 | D:1      | Reached XP level 2. HP: 17/21 MP: 0/0
   750 | D:1      | Reached XP level 3. HP: 23/25 MP: 0/0
   750 | D:1      | Learned a level 1 spell: Magic Dart
  1006 | D:2      | Found Yzxel's General Store.
  1921 | D:3      | Noticed Sigmund
  1930 | D:3      | Killed from afar by Sigmund

Illustrated notes

Levels and vault maps discovered:
D:1:      psy_arrival_fountain, layout_basic
D:2:      layout_loops_cross, serial_shops, shop
D:3:      layout_basic, amcnicky_altar_gilded,
          shapermc_ecumenical_altar_mp_ritualfount, uniq_sigmund

Skill      XL: | |
---------------+-+-----
Spellcasting   | |  3.9
Conjurations   | |  3.9
Hexes          | |  3.9
Summonings     | |  3.9
Necromancy     | |  3.9
Translocations | |  3.9
Transmutations | |  3.9
Fire Magic     | |  3.9
Ice Magic      | |  3.9
Air Magic      | |  3.9
Earth Magic    | |  3.9
Poison Magic   | |  3.9
Dodging        | |  2.1
Stealth        | |  1.5

Action                     || total
---------------------------++-------
  Melee: Unarmed           ||     1
   Cast: Foxfire           ||   157
         Scorch            ||     2
         Magic Dart        ||     1
    Use: Scroll            ||     5
 Armour: Robe              ||     3
  Dodge: Dodged            ||     5

Table legend: (Time is in decaauts)
 A = Elapsed time spent in this place.
 B = Non-inter-level travel time spent in this place.
 C = Inter-level travel time spent in this place.
 D = Time resting spent in this place.
 E = Time spent auto-exploring this place.
 F = Levels seen in this place.
 G = Mean time per level.
                   A        B        C        D        E       F      G
               +--------+--------+--------+--------+--------+-----+--------+
         Total |   1929 |   1804 |    125 |      0 |   1535 |   3 |  643.0 |
       Dungeon |   1929 |   1804 |    125 |      0 |   1535 |   3 |  643.0 |
               +--------+--------+--------+--------+--------+-----+--------+

Top non-repeatable levels by time:
     D:1: 1075 daAuts
     D:2: 828 daAuts
     D:3: 26 daAuts
